 Dungeon Crawl Stone Soup version 0.28.0-49-g6dfe1f597d (webtiles) character file.

Game seed: 8168317083171545593

1089 Zeld the Conjurer (level 7, -10/57 HPs)
             Began as a Demigod Conjurer on May 16, 2022.
             Mangled by a boulder beetle (14 damage)
             ... on level 6 of the Dungeon.
             The game lasted 00:08:39 (8396 turns).

Zeld the Conjurer (Demigod Conjurer)                Turns: 8396, Time: 00:08:40

Health: -10/57     AC:  8    Str:  8    XL:     7   Next: 83%
Magic:  16/16      EV: 12    Int: 28    God:
Gold:   121        SH:  0    Dex: 12    Spells: 2/13 levels left

rFire   . . .      SeeInvis +   a - +4 scimitar (freeze)
rCold   . . .      Faith    .   (no shield)
rNeg    . . .      Spirit   .   v - +0 robe
rPois   .          Reflect  .   n - +1 helmet {SInv}
rElec   .          Harm     .   o - +0 cloak
rCorr   .          Rampage  .   e - +2 pair of gloves
Will    +....                   (no boots)
Stlth   ++........              (no amulet)
HPRegen 0.19/turn               k - ring of willpower
MPRegen 0.15/turn               (no ring)

@: no status effects
A: high MP 1, forlorn, divine attributes
a: no special abilities


You were on level 6 of the Dungeon.
You visited 1 branch of the dungeon, and saw 6 of its levels.
You also visited: Sewer.

You collected 170 gold pieces.
You spent 49 gold pieces at shops.

Inventory:

Hand Weapons
 a - a +4 scimitar of freezing (weapon)
Armour
 e - a +2 pair of gloves (worn)
 n - a +1 helmet of see invisible (worn)
 o - a +0 cloak (worn)
 v - a +0 robe (worn)
Jewellery
 k - a ring of willpower (left hand)
Wands
 m - a wand of paralysis (7)
Scrolls
 d - 2 scrolls of immolation {unknown}
 g - 4 scrolls of identify {unknown}
 j - a scroll of enchant armour {unknown}
 p - a scroll of fog {unknown}
 q - a scroll of enchant weapon {unknown}
 s - a scroll of teleportation {unknown}
 t - 2 scrolls of brand weapon {unknown}
Potions
 b - a potion of brilliance {unknown}
 c - a potion of magic {unknown}
 f - a potion of lignification
 h - 2 potions of curing {unknown}
 i - a potion of ambrosia {unknown}
 l - 2 potions of heal wounds {unknown}
 r - 4 potions of invisibility {unknown}
 u - a potion of haste


   Skills:
 * Level 3.4 Fighting
 + Level 3.1 Dodging
 + Level 3.3 Stealth
 * Level 3.9 Spellcasting
 * Level 5.3 Conjurations
 + Level 1.7 Hexes
 + Level 1.4 Translocations
 * Level 2.7 Evocations


You had 2 spell levels left.
You knew the following spells:

 Your Spells              Type           Power      Damage    Failure   Level
a - Magic Dart            Conj           100%       1d8       1%          1
b - Searing Ray           Conj           70%        2d7       1%          2
c - Fulminant Prism       Conj/Hex       12%        3d9       17%         4
d - Iskenderun's Mystic   Conj/Tloc      24%        2d7       19%         4

Your spell library contained the following spells:

 Spells                   Type           Power      Damage    Failure   Level
 Dazzling Flash           Conj/Hex       50%        N/A       5%          3
 Stone Arrow              Conj/Erth      40%        3d9       8%          3
 Portal Projectile        Hex/Tloc       28%        N/A       12%         3
 Ozocubu's Armour         Ice            5%         N/A       22%         3
 Animate Armour           Summ/Erth      10%        N/A       58%         4
 Petrify                  Tmut/Erth      5%         N/A       58%         4
 Yara's Violent Unravell  Hex/Tmut       5%         3d4       82%         5
 Blade Hands              Tmut           2%         N/A       91%         5
 Excruciating Wounds      Necr           2%         N/A       91%         5
 Ozocubu's Refrigeration  Ice            2%         4d5       100%        7
 Lehudib's Crystal Spear  Conj/Erth      10%        10d4      100%        8


Dungeon Overview and Level Annotations

Branches:
Dungeon (6/15)              Sewer (visited)
 Temple: D:4-7

Shops:
D:3 [   D:5 *


Innate Abilities, Weirdness & Mutations

You have an increased reservoir of magic. (+10% MP)
You shall have no god before yourself.
Your divine heritage dramatically boosts your attributes as you level up.


Message History

Found 19 stones.
You now have 121 gold pieces (gained 9).
Key pressed, stopping explore.
No target in view!
Found a leather armour.
No target in view!
No target in view!
You see here a +0 whip.
An iguana comes into view.
An iguana is nearby!
An iguana is nearby!
An iguana is nearby!
The iguana hisses angrily.
You barely miss the iguana.
The iguana bites you but does no damage.
The iguana bites you.
You closely miss the iguana. The iguana barely misses you.
You hit the iguana.
The iguana seems to slow down.
You freeze the iguana.
The iguana is lightly wounded.
The iguana bites you.
You slash the iguana!
The iguana seems to slow down.
You freeze the iguana.
You kill the iguana!
No target in view!
l - 2 ruby potions (gained 1)
You pick up Ozocubu's Autobiography and begin reading...
You add the spells Ozocubu's Armour and Ozocubu's Refrigeration to your library.
No target in view!
No target in view!
A boulder beetle comes into view.
Found 13 gold pieces.
Okay, then.
Okay, then.
The boulder beetle curls into a ball and begins rolling!
You hit the boulder beetle but do no damage.
The boulder beetle hits you!!!
Ouch! That really hurt!
* * * LOW HITPOINT WARNING * * *
The boulder beetle stops rolling and uncurls.
The boulder beetle bites you!
You die...

#################....
.....................
................(...
#....#............[
#....#.............
#.......######..... .
##......# #.....
....###......######.....
.....°B@................
##..°...................
#......................
#......................
#......###.............
#......# #.........####
#.$....# ##########
#......#


You could see a boulder beetle.

Vanquished Creatures
  An orc warrior (D:5)
  An ogre (D:5)
  A phantom (D:5)
  2 kobold brigands (Sewer)
  3 wights (D:6)
  A hound (D:4)
  6 iguanas
  2 orc wizards (D:2)
  A hound zombie (D:5)
  A hound skeleton (D:5)
  A mummy (D:5)
  15 adders
  3 river rats
  3 adder skeletons
  2 worms
  3 dart slugs
  10 orcs
  9 endoplasms
  7 giant cockroaches
  4 goblins
  6 hobgoblins
  10 jackals
  3 quokkas
  7 ball pythons
  4 bats
  7 frilled lizards (D:2)
  11 kobolds
  12 rats
136 creatures vanquished.

Vanquished Creatures (others)
  54 plants
54 creatures vanquished.

Grand Total: 190 creatures vanquished

Notes
Turn   | Place    | Note
-------+----------+-------------------------------------------
     0 | D:1      | Zeld the Demigod Conjurer began the quest for the Orb.
     0 | D:1      | Reached XP level 1. HP: 14/14 MP: 5/5
   411 | D:1      | Reached XP level 2. HP: 22/22 MP: 2/7
   467 | D:1      | Learned a level 2 spell: Searing Ray
  1038 | D:1      | Reached skill level 1 in Fighting
  1495 | D:2      | Reached XP level 3. HP: 28/28 MP: 3/8
  1897 | D:2      | Reached skill level 4 in Conjurations
  2405 | D:2      | Reached XP level 4. HP: 34/35 MP: 4/10
  3263 | D:3      | Found Kemnukae's Armour Boutique.
  3271 | D:3      | Bought a +0 cloak for 49 gold pieces
  3382 | D:3      | Reached XP level 5. HP: 41/41 MP: 8/12
  3498 | D:3      | Learned a level 4 spell: Fulminant Prism
  4001 | D:4      | Identified the +0 robe "Sigh" {Regen+ Dex+5}
  4244 | D:4      | Reached skill level 1 in Evocations
  4909 | D:5      | Entered Level 5 of the Dungeon
  4919 | D:5      | Found Geitzim's Lightly-Used Armoury.
  5050 | D:5      | Reached XP level 6. HP: 45/50 MP: 3/13
  5055 | D:5      | Learned a level 4 spell: Iskenderun's Mystic Blast
  5173 | D:5      | Found a glowing drain.
  5187 | Sewer    | Entered a sewer
  5631 | Sewer    | Reached skill level 1 in Hexes
  6841 | D:5      | Reached XP level 7. HP: 53/56 MP: 6/15
  7068 | D:5      | Reached skill level 5 in Conjurations
  7156 | D:5      | Reached skill level 1 in Translocations
  7367 | D:5      | Got the Papyrus of Transformation
  8392 | D:6      | Noticed a boulder beetle
  8396 | D:6      | Mangled by a boulder beetle

Illustrated notes

Levels and vault maps discovered:
D:1:      scummos_arrival_star, layout_basic, shapermc_ecumenical_altar_petra
D:2:      layout_basic
D:3:      layout_loops_ring, serial_shops, shop
D:4:      layout_cave_pods
D:5:      layout_gridville, nicolae_overflow_crystal_walls,
          gup_sewer_entry_bubbles, gup_ossuary_entry_pyramid,
          minmay_shop_damaged, supply_closet_lemuel, kennysheep_boxes
D:6:      layout_basic, lemuel_temple_firewalk_a, minivault_26

Skill      XL: |  1  2  3  4  5  6  7 |
---------------+----------------------+-----
Spellcasting   | 2 3 |  3.9
Stealth        | 2 3 |  3.3
Fighting       | 1 2 3 |  3.4
Dodging        | 2 3 |  3.1
Conjurations   | 4 5 |  5.3
Evocations     | 1 2 |  2.7
Hexes          | 1 |  1.7
Translocations | 1 |  1.4

Action                   |  1- 3 |  4- 6 |  7- 9 || total
-------------------------+-------+-------+-------++-------
Melee: Unarmed           |     8 |    49 |    13 ||    70
       Punch             |       |     2 |       ||     2
       Scimitar          |       |       |    10 ||    10
 Cast: Magic Dart        |   102 |    82 |     2 ||   186
       Searing Ray       |     2 |    34 |    14 ||    50
Evoke: Wand              |       |     2 |       ||     2
  Use: Potion            |       |     1 |       ||     1
 Stab: Paralysed         |       |     5 |       ||     5
       Sleeping          |       |     1 |       ||     1
Armor: Robe              |     3 |    45 |    12 ||    60
Dodge: Dodged            |     9 |    79 |    20 ||   108
